 Dungeon Crawl Stone Soup version 0.29-a0-96-g93358da72b (webtiles) character file.

Game seed: 7837672917171682006

81 IdlyInterested the Shield-Bearer (level 4, -2/35 HPs)
             Began as a Formicid Fighter on Feb 11, 2022.
             Killed by nerve-wracking pain
             ... invoked by Grinder
              (12 damage)
             ... on level 3 of the Dungeon.
             The game lasted 00:05:27 (2955 turns).

IdlyInterested the Shield-Bearer (Formicid Fighter) Turns: 2955, Time: 00:05:29

Health: -2/35      AC: 12    Str: 21    XL:     4   Next: 67%
Magic:  4/4        EV:  7    Int: 13    God:
Gold:   125        SH:  4    Dex: 10    Spells: 3/3 levels left

rFire   . . .      SeeInvis +   a - +0 rapier
rCold   . . .      Faith    .   c - +0 buckler
rNeg    . . .      Spirit   .   k - +0 chain mail
rPois   .          Reflect  .   (helmet unavailable)
rElec   +          Harm     .   (no cloak)
rCorr   .          Rampage  .   i - +1 pair of gloves of Kobeid {rElec Int+4}
Will    .....                   m - +0 pair of boots
Stlth   ..........              (no amulet)
HPRegen 0.11/turn               (no ring)
MPRegen 0.09/turn               (no ring)

@: mighty
A: permanent stasis, dig shafts and tunnels, antennae 3, four strong arms
a: Dig, Shaft Self


You were on level 3 of the Dungeon.
You visited 1 branch of the dungeon, and saw 3 of its levels.

You collected 125 gold pieces.

Inventory:

Hand Weapons
 a - a +0 rapier (weapon)
 p - a +1 dagger of flaming
Missiles
 j - 3 stones (quivered)
 l - 4 boomerangs of dispersal
Armour
 b - a +0 scale mail
 c - a +0 buckler (worn)
 e - a +0 ring mail
 i - the +1 pair of gloves of Kobeid (worn) {rElec Int+4}
   (You acquired it on level 2 of the Dungeon)

   Int:       It affects your intelligence (+4).
   rElec:     It insulates you from electricity.
 k - a +0 chain mail (worn)
 m - a +0 pair of boots (worn)
 q - a +0 leather armour
Wands
 g - a wand of polymorph (11)
 n - a wand of iceblast (5)
 o - a wand of mindburst (8)
Scrolls
 h - a scroll of magic mapping
Potions
 f - a potion of brilliance


   Skills:
 - Level 3.2 Fighting
 + Level 3.0 Short Blades
 * Level 0.7 Throwing
 - Level 3.2 Armour
 - Level 1.0 Dodging
 * Level 1.9 Stealth
 * Level 4.5 Shields


You had 3 spell levels left.
You didn't know any spells.
Your spell library contained the following spells:

 Spells                   Type           Power      Damage    Failure   Level
 Shock                    Conj/Air       0%         1d3       98%         1
 Airstrike                Air            0%         N/A       100%        4
 Swiftness                Air            Unusable   N/A       N/A         3

Dungeon Overview and Level Annotations

Branches:
Dungeon (3/15)

Altars:
Ashenzari
Kikubaaqudgha
Okawaru

Shops:
D:1 [

Annotations:
D:3 Grinder, Jessica


Innate Abilities, Weirdness & Mutations

You cannot be hasted, slowed, berserked, paralysed or teleported.
You can dig through walls and to a lower floor.
You have a pair of large antennae on your head. (SInv)
Your four strong arms can wield two-handed weapons with a shield.


Message History

a +0 mace; an orc corpse Jessica the Apprentice Sorceress comes into view.
She is wielding a +2 dagger of protection.
Found a scroll of teleportation.
Jessica shouts!
Jessica shouts, "You are a ghastly nuisance!"
Found a scroll of identify.
Jessica hits you with a +2 dagger of protection.
You closely miss Jessica.
Grinder comes into view.
Jessica casts a spell.
Jessica seems to speed up.
Grinder shouts!
You hit Jessica but do no damage. Jessica completely misses you.
You closely miss Jessica. Jessica hits you but does no damage.
Jessica closely misses you.
You closely miss Jessica.
Jessica hits you with a +2 dagger of protection.
Grinder gestures at you.
Your stasis prevents you from being paralysed.
Jessica points at you and mumbles some strange words.
Pain shoots through your body!
You hit Jessica.
Jessica is moderately wounded.
You block Jessica's attack.
You hit Jessica.
Jessica is severely wounded.
Jessica hits you with a +2 dagger of protection.
Grinder blinks!
Jessica points at you and mumbles some strange words.
Pain shoots through your body!
* * * LOW HITPOINT WARNING * * *
You feel very mighty all of a sudden. Jessica hits you but does no damage.
Grinder hits you but does no damage.
You closely miss Jessica.
Jessica is severely wounded.
Jessica gestures wildly while chanting.
Jessica blinks!
Grinder gestures at you. Pain shoots through your body!
You die...

###
####.......
#...
#####...
.@. ##....
#...
##.....
#..?
#......
#...#
##.....
#...###
##....
#...5.###
#######...
#.ยง@...##
#....)...#
###.....#
#.########
###...###.#
##...##.#
#...##.#
#...##.#
##..##.#
#...#.#
#...#.#


You could see Grinder and Jessica (fast).

Vanquished Creatures
  4 gnolls (D:3)
  4 orcs (D:3)
  7 endoplasms
  A giant cockroach (D:3)
  2 goblins (D:2)
  4 hobgoblins
  A ball python (D:1)
  3 bats
  A frilled lizard (D:1)
  9 kobolds
  2 rats
38 creatures vanquished.

Notes
Turn   | Place    | Note
-------+----------+-------------------------------------------
     0 | D:1      | IdlyInterested the Formicid Fighter began the quest for the
                  | Orb.
     0 | D:1      | Reached XP level 1. HP: 18/18 MP: 1/1
   223 | D:1      | Reached XP level 2. HP: 24/24 MP: 2/2
   281 | D:1      | Reached skill level 4 in Shields
   539 | D:1      | Reached skill level 1 in Stealth
  1027 | D:1      | Found Zuosuem's Antique Armour Shop.
  1303 | D:2      | Reached XP level 3. HP: 25/29 MP: 3/3
  1388 | D:2      | Found a broken altar of Ashenzari.
  1993 | D:2      | Identified a scroll of acquirement
  1993 | D:2      | Acquired the +1 pair of gloves of Kobeid {rElec Int+4}
  2035 | D:3      | Found an ancient bone altar of Kikubaaqudgha.
  2187 | D:3      | Found an iron altar of Okawaru.
  2235 | D:3      | Reached skill level 1 in Dodging
  2242 | D:3      | Reached XP level 4. HP: 24/35 MP: 4/4
  2944 | D:3      | Noticed Jessica
  2948 | D:3      | Noticed Grinder
  2955 | D:3      | Killed from afar by Grinder

Illustrated notes

Levels and vault maps discovered:
D:1:      heliophobic_arrival_henge, layout_loops_ring, serial_shops, shop,
          patterned_corridor
D:2:      layout_basic, basic_altar, minmay_misc_feat_cross
D:3:      layout_basic, lemuel_tele_altar, okawaru_metal_pillars_3,
          serial_curves, eino_curves_03, eino_curves_04, st_stairs_14,
          eino_tiny_chamber, uniq_jessica, uniq_grinder

Skill      XL: |  1  2  3  4 |
---------------+-------------+-----
Shields        | 4 |  4.5
Stealth        | 1 |  1.9
Dodging        | 1 |  1.0
Short Blades   | 3 |  3.0
Fighting       | |  3.2
Throwing       | |  0.7
Armour         | |  3.2

Action                   |  1- 3 |  4- 6 || total
-------------------------+-------+-------++-------
Melee: Rapier            |    88 |    36 ||   124
Throw: Stone             |     3 |     3 ||     6
  Use: Scroll            |     5 |       ||     5
       Potion            |     2 |     1 ||     3
Armor: Scale mail        |     7 |       ||     7
       Chain mail        |    34 |    15 ||    49
Dodge: Dodged            |    38 |    10 ||    48
Block: Buckler           |    15 |     7 ||    22

Table legend: (Time is in decaauts)
 A = Elapsed time spent in this place.
 B = Non-inter-level travel time spent in this place.
 C = Inter-level travel time spent in this place.
 D = Time resting spent in this place.
 E = Time spent auto-exploring this place.
 F = Levels seen in this place.
 G = Mean time per level.
                   A        B        C        D        E       F      G
               +--------+--------+--------+--------+--------+-----+--------+
         Total |   2967 |   2940 |     27 |    641 |   1846 |   3 |  989.0 |
       Dungeon |   2967 |   2940 |     27 |    641 |   1846 |   3 |  989.0 |
               +--------+--------+--------+--------+--------+-----+--------+

Top non-repeatable levels by time:
     D:1: 1104 daAuts
     D:3: 939 daAuts
     D:2: 923 daAuts
